 Dungeon Crawl Stone Soup version 0.23.2-1-ga50397a (webtiles) character file.

Game seed: 15413243354725521195

9352 Tallim the Bludgeoner (level 11, 0/101 HPs)
             Began as a Minotaur Berserker on May 29, 2019.
             Was an Elder of Trog.
             Slain by a queen bee (2 damage)
             ... on level 9 of the Dungeon on May 31, 2019.
             The game lasted 00:28:33 (8354 turns).

Tallim the Bludgeoner (Minotaur Berserker)          Turns: 8354, Time: 00:28:34

Health: 0/101      AC: 16    Str: 26    XL:     11   Next: 21%
Magic:  10/10      EV:  7    Int:  9    God:    Trog [****..]
Gold:   630        SH:  4    Dex:  9    Spells: 10/10 levels left

rFire    + + .     SeeInvis .   K - +2 whip (freeze)
rCold    + . .     Gourm    .   A - +0 buckler
rNeg     . . .     Faith    .   X - +1 plate armour {rPois}
rPois    +         Spirit   .   (helmet restricted)
rElec    +         Reflect  .   f - +0 cloak {MR+}
rCorr    +         Harm     .   L - +2 pair of gloves
MR       ++++.                  (no boots)
Stlth    ..........             (no amulet)
HPRegen  1.26/turn              p - ring of protection from magic
MPRegen  0.12/turn              s - ring of protection from fire

@: brilliant, resistant, berserk cooldown, regenerating, slowed, studying
Armour, very slow
A: retaliatory headbutt, horns 2
a: Berserk, Trog's Hand, Brothers in Arms, Renounce Religion


You were on level 9 of the Dungeon.
You worshipped Trog.
Trog was greatly pleased with you.
You were very hungry.

You visited 1 branch of the dungeon, and saw 9 of its levels.

You collected 630 gold pieces.

Inventory:

Hand Weapons
 a - a +0 mace
 H - a +4 mace
 K - a +2 whip of freezing (weapon)
 N - a +0 flail
 W - a +3 antimagic dire flail
Missiles
 j - 3 tomahawks (quivered)
Armour
 f - a +0 cloak of magic resistance (worn)
 A - a +0 buckler (worn)
 L - a +2 pair of gloves (worn)
 X - a +1 plate armour of poison resistance (worn)
Jewellery
 b - an uncursed ring of poison resistance {unknown}
 p - a ring of protection from magic (left hand)
 s - a ring of protection from fire (right hand)
 t - the cursed necklace of Bloodlust {*Rage +Rage MR++ Int-3 Slay+6 *Curse}
   (You found it on level 9 of the Dungeon)

   [amulet of rage]

   It affects your intelligence (-3).
   It affects your accuracy and damage with ranged weapons and melee attacks
   (+6).
   It affects your resistance to hostile enchantments.
   It lets you go berserk.
   It may make you go berserk in combat.
   It curses itself when equipped.
   It has a curse placed upon it.
 v - an uncursed ring of ice
 C - an uncursed ring of positive energy {unknown}
 I - an uncursed amulet of magic regeneration {unknown}
 R - an uncursed ring of protection from magic
Wands
 h - a wand of clouds (4)
 o - a wand of flame (34)
 q - a wand of iceblast (10)
 u - a wand of polymorph (7)
 E - a wand of random effects (60)
 J - a wand of scattershot (13)
 M - a wand of paralysis (4)
 T - a wand of digging (8)
Scrolls
 g - 7 scrolls of remove curse
 k - a scroll of immolation
 l - 2 scrolls of enchant armour {unknown}
 n - 5 scrolls of teleportation
 w - 7 scrolls of identify
 x - 3 scrolls of enchant weapon {unknown}
 y - 2 scrolls of random uselessness {unknown}
 F - a scroll of amnesia {unknown}
 P - 2 scrolls of magic mapping {unknown}
 Q - 2 scrolls of fear
 S - a scroll of fog {unknown}
 Z - a scroll of blinking
Potions
 d - 3 potions of berserk rage
 e - 2 potions of brilliance
 m - a potion of heal wounds {unknown}
 r - 2 potions of might {unknown}
 z - a potion of resistance
 B - a potion of cancellation {unknown}
 D - 2 potions of flight {unknown}
 G - 2 potions of degeneration {unknown}
 O - a potion of agility {unknown}
 U - a potion of ambrosia {unknown}
 Y - 2 potions of curing
Books
 V - a manual of Armour
Comestibles
 c - 6 rations
 i - a chunk of flesh


   Skills:
 + Level 10.6 Fighting
 + Level 17.0 Maces & Flails
 - Level 2.4 Armour
 - Level 2.1 Dodging
 - Level 4.0 Shields


You had 10 spell levels left.
You didn't know any spells.
Your spell library was empty.

Dungeon Overview and Level Annotations

Branches:
Dungeon (9/15)             Temple (0/1) D:4
   Lair: D:8-11         Orc: D:9-12

Altars:
Ashenzari
Dithmenos
Elyvilon
Fedhas
Makhleb
Ru
Sif Muna
Trog
Uskayaw
Vehumet
Wu Jian
Zin
The Shining One

Shops:
D:9 !

Annotations:
D:5 1 runed translucent door, Exporg's ghost, novice DsCK
D:6 1 runed translucent door
D:9 2 transporters, Valentain's ghost, novice OpVM


Innate Abilities, Weirdness & Mutations

You reflexively headbutt those who attack you in melee.
You have a pair of horns on your head.


Message History

You headbutt the killer bee! The killer bee stings you.
* * * LOW HITPOINT WARNING * * *
The killer bee stings you.
* * * LOW HITPOINT WARNING * * *
The killer bee stings you but does no damage.
You block the killer bee's attack. You block the queen bee's attack.
The killer bee stings you but does no damage. x2
The killer bee barely misses you. You block the killer bee's attack.
The queen bee closely misses you. The killer bee stings you.
* * * LOW HITPOINT WARNING * * *
Unknown command.
You hit the killer bee but do no damage.
The killer bee is almost dead.
The killer bee barely misses you.
The killer bee stings you but does no damage. x2
The killer bee stings you.
* * * LOW HITPOINT WARNING * * *
You block the killer bee's attack. The killer bee barely misses you.
The queen bee stings you.
You die...

....# #...# #...<.....
....# #...# #.........
....# #...# #.........
....# . #####...#
#......... ......#
.yy#.......#####.......))
......#
.yyy..†.................†
......#
#y.†yyy.............).
......#
#.###yyy###..........÷
####... #@yy#
#....###.... #yy.#
#...........
.###...###...........
..............#.......
.............#>#......
##########....#....###
##........# #........#
######...#


You could see a queen bee and 9 killer bees.

Vanquished Creatures
  A two-headed ogre (D:9)
  Pikel (D:5)
  Maurice (D:8)
  Joseph (D:9)
  A gargoyle (D:7)
  A queen bee (D:9)
  A troll (D:9)
  Prince Ribbit (D:8)
  A hippogriff (D:8)
  Sigmund (D:2)
  A shadow (D:7)
  Duvessa (D:5)
  A sky beast (D:7)
  6 orc warriors
  A slave (D:5)
  2 necrophages (D:7)
  An ice beast (D:8)
  A black bear (D:8)
  3 ogres
  5 centaurs
  A big kobold (D:7)
  9 bullfrogs
  Dowan (D:5)
  4 scorpions
  A wyvern skeleton (D:6)
  39 killer bees
  A wight (D:7)
  4 howler monkeys (D:7)
  A quasit (D:9)
  5 crimson imps
  6 jellies
  8 orc priests
  2 bullfrog skeletons
  3 hounds
  Ijyb (D:5)
  Natasha (thrice) (D:3)
  10 orc wizards
  11 worker ants
  A hound zombie (D:5)
  A hound skeleton (D:7)
  Robin (D:4)
  14 adders
  A gnoll (D:7)
  A shadow imp (D:5)
  An adder skeleton (D:7)
  3 worms (D:4)
  A dart slug (D:3)
  4 leopard geckos
  36 orcs
  15 giant cockroaches
  13 goblins
  4 hobgoblins
  6 jackals
  7 kobolds
  3 quokkas
  A ball python (D:1)
  5 bats
  4 frilled lizards
  2 jackal zombies (D:5)
  A quokka skeleton (D:9)
  4 rats
  3 butterflies (D:6)
274 creatures vanquished.

Vanquished Creatures (collateral kills)
  An ice beast (D:8)
  A centaur (D:9)
  A killer bee (D:9)
3 creatures vanquished.

Grand Total: 277 creatures vanquished

Notes
Turn   | Place    | Note
-------+----------+-------------------------------------------
     0 | D:1      | Tallim the Minotaur Berserker began the quest for the Orb.
     0 | D:1      | Reached XP level 1. HP: 19/19 MP: 0/0
    36 | D:1      | Reached skill level 4 in Maces & Flails
   137 | D:1      | Reached XP level 2. HP: 23/26 MP: 1/1
   663 | D:2      | Reached skill level 5 in Maces & Flails
   722 | D:2      | Reached XP level 3. HP: 26/31 MP: 2/2
   859 | D:2      | Noticed Sigmund
   872 | D:2      | Killed Sigmund
   872 | D:2      | Reached skill level 7 in Maces & Flails
   872 | D:2      | Reached XP level 4. HP: 39/39 MP: 3/3
   872 | D:2      | Reached XP level 5. HP: 45/45 MP: 4/4
   933 | D:2      | Found a blossoming altar of Fedhas.
   994 | D:2      | Reached ** piety under Trog
  1154 | D:3      | Noticed Natasha
  1166 | D:3      | Killed Natasha
  1166 | D:3      | Reached skill level 8 in Maces & Flails
  1383 | D:3      | Noticed Natasha
  1388 | D:3      | Killed Natasha
  1388 | D:3      | Reached XP level 6. HP: 51/51 MP: 5/5
  1447 | D:3      | Found a glowing silver altar of Zin.
  2061 | D:3      | Noticed Natasha
  2068 | D:3      | Killed Natasha
  2140 | D:4      | Found a shattered altar of Ashenzari.
  2264 | D:4      | Reached skill level 9 in Maces & Flails
  2275 | D:4      | Found a staircase to the Ecumenical Temple.
  2634 | D:4      | Found a deep blue altar of Sif Muna.
  2635 | D:4      | Noticed Robin
  2656 | D:4      | Reached XP level 7. HP: 49/57 MP: 6/6
  2663 | D:4      | Killed Robin
  2942 | D:4      | Found a burning altar of Makhleb.
  3295 | D:4      | Reached skill level 10 in Maces & Flails
  3697 | D:5      | Entered Level 5 of the Dungeon
  3697 | D:5      | Noticed Ijyb
  3706 | D:5      | Killed Ijyb
  3772 | D:5      | Found an ornate altar of the Wu Jian Council.
  3799 | D:5      | Noticed a +0 dagger
  3799 | D:5      | Noticed a +0 dagger
  3802 | D:5      | Found a hide-covered altar of Uskayaw.
  3810 | D:5      | Reached *** piety under Trog
  3857 | D:5      | Found a runed translucent door.
  3857 | D:5      | Noticed Exporg's ghost (novice DsCK)
  3974 | D:5      | Noticed Pikel
  3988 | D:5      | Killed Pikel
  3988 | D:5      | Reached skill level 12 in Maces & Flails
  3988 | D:5      | Reached XP level 8. HP: 54/67 MP: 7/7
  4024 | D:5      | Noticed Duvessa
  4025 | D:5      | Noticed Dowan
  4035 | D:5      | Killed Duvessa
  4037 | D:5      | Killed Dowan
  4548 | D:6      | Found a runed translucent door.
  4549 | D:6      | Found a runed translucent door.
  4556 | D:6      | Reached skill level 13 in Maces & Flails
  4714 | D:6      | Found a radiant altar of Vehumet.
  4820 | D:6      | Reached XP level 9. HP: 73/73 MP: 8/8
  4823 | D:6      | Reached skill level 5 in Fighting
  5226 | D:7      | Reached **** piety under Trog
  5226 | D:7      | Reached skill level 14 in Maces & Flails
  5232 | D:7      | Reached skill level 1 in Shields
  5456 | D:7      | Noticed a gargoyle
  5478 | D:7      | Killed a gargoyle
  5478 | D:7      | Reached skill level 15 in Maces & Flails
  5484 | D:7      | HP: 5/117 [centaur/+3 antimagic dire flail (7)]
  5492 | D:7      | Reached XP level 10. HP: 10/84 MP: 5/9
  6574 | D:8      | Noticed Prince Ribbit
  6583 | D:8      | Killed Prince Ribbit
  6583 | D:8      | Reached skill level 16 in Maces & Flails
  6802 | D:8      | Found a white marble altar of Elyvilon.
  6819 | D:8      | Noticed Maurice
  6834 | D:8      | Killed Maurice
  6874 | D:8      | Found a sacrificial altar of Ru.
  7188 | D:9      | Found Aleozoa's Distillery.
  7192 | D:9      | Noticed a two-headed ogre
  7200 | D:9      | Killed a two-headed ogre
  7257 | D:9      | Found a glowing golden altar of the Shining One.
  7262 | D:9      | Found a bloodstained altar of Trog.
  7406 | D:9      | Reached XP level 11. HP: 58/99 MP: 10/10
  7420 | D:9      | Received a gift from Trog
  7650 | D:9      | Noticed Joseph
  7669 | D:9      | Killed Joseph
  7846 | D:9      | Found a transporter.
  7862 | D:9      | Found a transporter.
  7863 | D:9      | Noticed Valentain's ghost (novice OpVM)
  7913 | D:9      | Reached skill level 10 in Fighting
  8171 | D:9      | Found a shadowy altar of Dithmenos.
  8252 | D:9      | Found the cursed necklace of Bloodlust {*Rage +Rage MR++
                  | Int-3 Slay+6 *Curse}
  8344 | D:9      | Reached skill level 17 in Maces & Flails
  8354 | D:9      | HP: 2/101 [killer bee (5)]
  8354 | D:9      | Slain by a queen bee

Skill      XL: |  1  2  3  4  5  6  7  8  9 10 11 |
---------------+----------------------------------+-----
Maces & Flails | 4 5 7 8 9 12 13 15 16 17 | 17.0
Fighting       | 4 6 9 10 | 10.6
Shields        | 1 4 |  4.0
Armour         | |  2.4
Dodging        | |  2.1

Action                   |  1- 3 |  4- 6 |  7- 9 | 10-12 || total
-------------------------+-------+-------+-------+-------++-------
Melee: Mace              |    48 |   101 |    82 |       ||   231
       Headbutt          |     5 |    14 |    65 |    51 ||   135
       Whip              |       |       |   210 |   379 ||   589
Throw: Tomahawk          |       |       |       |     5 ||     5
Invok: Berserk           |     1 |     2 |     6 |     4 ||    13
       Trog's Hand       |       |     2 |     3 |     3 ||     8
       Brothers in Arms  |       |       |       |     4 ||     4
  Use: Scroll            |       |     6 |     1 |       ||     7
       Potion            |       |       |       |     5 ||     5
  Eat: Chunk             |       |     5 |     3 |     4 ||    12
       Ration            |       |     1 |     4 |     3 ||     8
Armor: Animal skin       |     3 |       |       |       ||     3
       Ring mail         |    20 |    15 |       |       ||    35
       Scale mail        |       |    41 |    95 |    17 ||   153
       Plate armour      |       |       |       |   221 ||   221
Dodge: Dodged            |    39 |    57 |    88 |   132 ||   316
Block: Buckler           |       |       |    11 |    71 ||    82
